Map: Jagannatha LE

Players

SimonScott

  • Race: Terran Terran
  • League: Gold
  • Spawn Location: 7:00

llllllllllll - Winner!

  • Race: Protoss Protoss
  • League: Silver
  • Spawn Location: 1:00

VOD

Have the link to the VOD?

Description

Time

  • Played on: Feb. 5, 2021, 7:27 a.m.
  • Length: 15:14
Show
View Real Time Build Order
Export as new Build Order

SimonScott Terran 

Build Orders: Reaper Expand 

Get SALT Encoding   

  12  0:00  SCV  
  13  0:13  SCV  
  14  0:17  Supply Depot  
  14  0:25  SCV  
  15  0:43  Barracks  
  15  0:53  SCV  
  16  0:57  Refinery  
  16  1:10  Barracks  
  16  1:16  SCV  
  17  1:28  SCV  
  18  1:48  Supply Depot  
  18  1:53  Reaper  
  19  1:57  Marine  
  20  2:05  Refinery  
  20  2:18  Command Center  
  20  2:25  Marine  
  21  2:30  Marine  
  22  2:38  Orbital Command  
  22  2:42  Marine  
  22  2:43  Engineering Bay  
  23  3:01  Marine  
  23  3:04  Barracks Tech Lab  
  24  3:20  Factory  
  24  3:22  Marine  
  25  3:30  Marine  
  25  3:32  Orbital Command  
  26  3:40  Marine  
  27  3:44  SCV  
  27  3:47  Marine  
  29  3:55  Barracks  
  29  4:02  Marine  
  29  4:05  Marine  
  29  4:06  SCV x2  
  32  4:14  Factory Tech Lab  
  31  4:18  SCV  
  31  4:20  Marine, Starport  
  31  4:24  Marauder  
  35  4:27  Combat Shield  
  35  4:30  SCV  
  36  4:37  Marine, Siege Tank  
  37  4:52  Marine  
  37  4:55  Marine  
  39  5:04  SCV x2  
  41  5:10  Marine  
  41  5:13  Marine  
  43  5:16  SCV x2  
  45  5:28  Marine, SCV  
  43  5:31  Marine  
  44  5:46  Marine, SCV  
  44  5:49  Barracks  
  46  5:56  Supply Depot  
  46  6:07  Supply Depot  
  46  6:10  Refinery  
  46  6:12  Refinery  
  46  6:14  Marine  
  46  6:17  Marine  
  46  6:18  Siege Tank, SCV  
  50  6:27  Barracks Tech Lab  
  50  6:32  Marauder  
  52  6:35  Medivac  
  54  6:42  Terran Infantry Weapons Level 1  
  54  6:45  Supply Depot  
  54  6:50  Siege Tank  
  57  7:08  Supply Depot  
  57  7:14  Command Center  
  54  7:22  SCV  
  55  7:28  Factory, Barracks Tech Lab  
  55  7:31  Missile Turret, Barracks, SCV  
  55  7:34  SCV  
  57  7:43  SCV  
  58  7:46  Marauder, SCV  
  58  7:47  Stimpack  
  58  7:49  Marauder  
  58  7:50  Concussive Shells  
  58  7:51  Missile Turret  
  63  7:56  SCV  
  64  8:03  SCV  
  65  8:09  Siege Tank  
  65  8:10  Marauder  
  70  8:15  SCV  
  70  8:18  Marauder, Factory Tech Lab  
  73  8:20  Supply Depot  
  73  8:21  Missile Turret  
  73  8:23  Barracks Tech Lab  
  73  8:27  SCV  
  73  8:31  Viking  
  76  8:36  Starport  
  76  8:38  Terran Infantry Armor Level 1  
  76  8:39  Orbital Command  
  76  8:41  SCV  
  77  8:43  Missile Turret, SCV, Supply Depot  
  78  8:51  Refinery  
  78  8:53  SCV  
  78  8:54  Refinery  
  78  8:55  SCV  
  80  8:58  Siege Tank  
  80  8:59  Marauder  
  85  9:04  Missile Turret  
  85  9:05  SCV  
  85  9:07  Supply Depot  
  85  9:08  Starport Reactor  
  86  9:20  Marauder  
  86  9:23  Supply Depot  
  88  9:30  SCV x3  
  91  9:33  Armory  
  91  9:41  Marauder  
  91  9:42  SCV, Starport  
  94  9:47  SCV x2, Supply Depot  
  94  9:49  Marine x2  
  98  9:54  SCV  
  98  9:55  Starport Reactor  
  99  10:02  SCV  
  99  10:03  Marauder  
  102  10:07  Marine  
  102  10:08  Armory  
  102  10:10  Supply Depot  
  103  10:14  SCV  
  104  10:22  Supply Depot  
  104  10:23  Marauder  
  104  10:24  SCV  
  104  10:26  SCV x2  
  109  10:29  Starport Reactor  
  109  10:30  Marine  
  109  10:34  Supply Depot  
  110  10:36  SCV  
  110  10:38  Medivac x2, SCV  
  110  10:40  Medivac x2  
  120  10:43  Marauder  
  120  10:44  Marine x2  
  120  10:47  Supply Depot  
  124  10:51  SCV  
  125  11:01  Engineering Bay  
  125  11:03  SCV  
  123  11:09  Supply Depot  
  121  11:15  SCV  
  118  11:27  Marine x4, SCV  
  118  11:31  Widow Mine  
  125  11:37  Supply Depot  
  125  11:39  SCV  
  126  11:45  Marine x4  
  130  11:48  Viking x2  
  130  11:49  Viking x2  
  130  11:52  Siege Tank  
  141  12:00  Supply Depot  
  141  12:02  Marine  
  141  12:03  Marine x3, Siege Tank  
  146  12:18  Viking  
  146  12:20  Marine x2  
  146  12:21  Marine x2  
  152  12:23  Supply Depot  
  152  12:24  Widow Mine  
  154  12:35  Siege Tank  
  157  12:38  Marine x3  
  157  12:39  Marine  
  157  12:40  Liberator x3  
  169  12:47  Marauder  
  169  12:48  Liberator  
  174  12:56  Marine x4  
  147  13:14  Marine x3  
  135  13:23  Liberator  
  114  13:32  Marine x2  
  74  13:50  Marauder  
  74  13:54  Medivac x2  
  78  13:55  Siege Tank  
  78  13:57  Marauder  
  79  14:11  Marine  
  74  14:18  Marauder  
  69  14:29  Marine  
  36  14:47  Marine  
  33  14:53  Marauder  
Show
View Real Time Build Order
Export as new Build Order

llllllllllll Protoss - Winner!

Build Orders: 1 Gate Expand, Colossus Rush 

Get SALT Encoding   

  12  0:00  Probe  
  13  0:12  Probe  
  14  0:20  Pylon  
  14  0:24  Probe  
  15  0:38  Probe (Chrono Boost)  
  15  0:42  Gateway  
  17  0:50  Probe (Chrono Boost)  
  17  0:51  Assimilator  
  17  0:55  Probe (Chrono Boost)  
  18  1:04  Probe  
  19  1:22  Nexus  
  19  1:36  Cybernetics Core  
  19  1:43  Probe  
  19  1:44  Pylon  
  20  1:54  Assimilator  
  20  1:55  Probe  
  21  2:10  Probe  
  21  2:11  Gateway  
  22  2:22  Probe  
  22  2:29  Robotics Facility  
  23  2:32  Warp Gate  
  23  2:35  Probe, Stalker (Chrono Boost)  
  26  2:40  Probe  
  27  2:49  Gateway  
  27  2:54  Probe x2  
  28  3:07  Stalker (Chrono Boost)  
  28  3:10  Probe x2  
  32  3:22  Probe  
  32  3:23  Probe  
  34  3:34  Probe  
  34  3:39  Warp Prism  
  37  3:43  Gateway  
  37  3:50  Robotics Bay  
  37  3:58  Probe x2  
  37  4:01  Pylon  
  39  4:10  Probe x2  
  41  4:17  Observer  
  41  4:22  Probe x2  
  44  4:32  Pylon, Assimilator  
  44  4:34  Probe x2  
  44  4:35  Assimilator  
  44  4:38  Pylon  
  46  4:39  Observer  
  47  4:46  Probe x2  
  49  5:02  Colossus  
  55  5:13  Adept x4  
  63  5:15  Probe x2  
  65  5:25  Shield Battery  
  65  5:27  Shield Battery  
  63  5:47  Probe x2  
  65  5:59  Probe x2, Extended Thermal Lance  
  65  6:00  Nexus  
  65  6:03  Pylon  
  67  6:05  Pylon  
  67  6:07  Pylon  
  67  6:11  Probe x2  
  69  6:12  Pylon  
  69  6:20  Colossus  
  69  6:23  Probe  
  76  6:26  Pylon, Stalker x4  
  84  6:38  Probe, Assimilator  
  85  6:42  Assimilator  
  85  6:44  Pylon  
  85  6:48  Twilight Council  
  85  7:21  Colossus  
  91  7:28  Gateway x2  
  91  7:29  Gateway  
  91  7:33  Gateway  
  91  7:39  Blink  
  91  7:43  Pylon  
  91  7:46  Forge x2  
  91  7:52  Forge  
  91  8:00  Pylon  
  91  8:01  Pylon  
  91  8:02  Probe  
  92  8:07  Probe  
  92  8:08  Probe  
  94  8:14  Probe  
  94  8:15  Colossus  
  94  8:19  Probe  
  102  8:20  Probe  
  102  8:26  Probe  
  104  8:32  Probe x2  
  106  8:34  Photon Cannon  
  106  8:36  Photon Cannon  
  106  8:38  Photon Cannon, Probe  
  106  8:40  Photon Cannon  
  107  8:42  Photon Cannon  
  107  8:44  Photon Cannon, Probe x2  
  109  8:51  Probe  
  110  8:56  Probe  
  110  8:58  Protoss Ground Weapons Level 1 (Chrono Boost), Protoss Ground Armor Level 1 (Chrono Boost)  
  110  8:59  Protoss Shields Level 1 (Chrono Boost)  
  110  9:01  Robotics Facility  
  111  9:03  Gateway  
  111  9:04  Gateway  
  111  9:05  Gateway  
  111  9:14  Gateway  
  111  9:15  Gateway  
  111  9:35  Nexus  
  111  9:39  Pylon  
  111  9:40  Templar Archives, Charge  
  111  9:41  Pylon  
  111  9:45  Pylon  
  111  9:47  Pylon  
  111  9:51  Shield Battery  
  111  9:52  Shield Battery  
  111  9:53  Shield Battery  
  111  9:56  Shield Battery  
  111  9:58  Photon Cannon, Shield Battery  
  111  10:00  Photon Cannon  
  111  10:05  Photon Cannon  
  111  10:09  Photon Cannon  
  111  10:18  Templar Archives  
  111  10:23  Zealot x5  
  111  10:24  Zealot x2  
  125  10:40  Protoss Shields Level 2 (Chrono Boost), Protoss Ground Armor Level 2 (Chrono Boost), Assimilator, Protoss Ground Weapons Level 2 (Chrono Boost)  
  125  10:42  Assimilator  
  125  10:56  Pylon  
  125  11:06  Observer x2  
  125  11:09  Stalker x5  
  125  11:10  Stalker x3  
  142  11:12  Zealot  
  142  11:36  Probe x4  
  146  11:48  Probe x4  
  146  11:50  Zealot x4  
  146  11:51  Zealot  
  160  11:57  Psionic Storm  
  160  12:00  Probe x4  
  164  12:03  High Templar x3  
  164  12:05  Zealot  
  164  12:06  Zealot  
  174  12:09  Zealot  
  174  12:11  Zealot  
  174  12:12  Probe x2  
  174  12:13  Probe x2  
  178  12:24  Probe  
  178  12:25  Probe x2  
  178  12:26  High Templar x6  
  178  12:27  High Templar x2  
  197  12:30  Archon x3  
  197  12:31  Archon  
  187  13:12  Zealot x4  
  177  13:13  Zealot  
  177  13:14  Zealot x3  
  177  13:16  Zealot  
  169  13:22  Archon  
  169  13:25  Zealot x2  
  169  13:26  Zealot x4  
  171  13:43  Pylon  
  171  13:49  Pylon x2  
  171  13:50  Pylon  
  171  13:53  Pylon x2  
  171  14:13  Zealot x3  
  171  14:14  Zealot x5  
  171  14:15  Zealot x5  
  175  14:34  Zealot x2  
  175  14:35  Zealot x7  
  175  14:36  Zealot x4  
Tags
 
Add a new tag
Caveats
  • Supply blocks, unpowered buildings, or Contaminate may cause inaccurate times.
  • Supply counts are checked every 10 seconds.